AoeStats
← Juanwolf

Migration

505843076Analyzed
1v1 RM · 20d ago on Sep 11, 2026· 37m 49s· 2 players
Game mode
Random Map
Map size
132×132
Population
200
Speed
Normal
Resources
Standard
Victory
Conquest
Starting age
Dark Age
Ending age
Imperial Age
RankedLock teamsTeams togetherTeam positionsShared explorationLock speedFull tech treeHidden civsTurbo modeCheats
Victory
Defeat
🇩🇪 Magyars · Germany
1192
+14
🇦🇺 Sicilians · Australia
1153
-14
Willem dein Foe
13:10 Feudal Age
14:11 Feudal Age
13:42 Loom
14:37 Double-Bit Axe
17:43 Castle Age
16:01 Gold Mining
18:35 Medium Warships
20:03 Fishing Lines
21:10 Wheelbarrow
22:10 Clinker Construction
22:11 Careening
23:42 Town Watch
25:11 Bow Saw
28:28 Imperial Age
28:58 Hand Cart
30:08 Heavy Warships
35:11 Gillnets
Juanwolf
4:17 Loom
5:10 Loom
11:15 Feudal Age
11:50 Double-Bit Axe
13:27 Gold Mining
18:38 Town Watch
21:37 Castle Age
22:33 Medium Warships
22:15 Fletching
23:20 Wheelbarrow
25:12 Bow Saw
24:43 Horse Collar
25:40 Gold Shaft Mining
24:55 Stone Mining
25:06 Fishing Lines
26:57 Bodkin Arrow
36:06 Stone Shaft Mining
Connection lost

Rejoining the realm…

Still unreachable

The connection could not be restored.

Session expired

The server has moved on; the page needs a fresh start.